 Dungeon Crawl Stone Soup version 0.30-a0-743-gbfdf073431 (webtiles) character file.

Game seed: 7330032227890105047

133 avis the Shooter (level 4, -2/57 HPs)
             Began as a Demigod Hunter on Feb 6, 2023.
             Slain by a wyvern (14 damage)
             ... on level 4 of the Dungeon.
             The game lasted 00:11:42 (2777 turns).

avis the Shooter (Demigod Hunter)                   Turns: 2777, Time: 00:11:43

Health: -2/57      AC: 22    Str: 12    XL:     4   Next: 64%
Magic:  6/6        EV:  2    Int: 11    God:
Gold:   113        SH:  0    Dex: 21    Spells: 3/3 levels left

rFire   . . .      SeeInvis .    a - +0 shortbow
rCold   . . .      Faith    .    (shield currently unavailable)
rNeg    . . .      Spirit   .    (body armour currently unavailable)
rPois   +          Reflect  .    (helmet currently unavailable)
rElec   .          Harm     .    (cloak currently unavailable)
rCorr   .          Rampage  .    (gloves currently unavailable)
Will    .....      NoTele   +    (boots currently unavailable)
Stlth   ++                       (no amulet)
HPRegen 0.29/turn                n - ring of flight
MPRegen 0.10/turn                (no ring)

@: tree-form
A: stationary, stasis, torment immunity, boosted hp, high MP 1, forlorn, divine
attributes
a: no special abilities


You were on level 4 of the Dungeon.
You were a tree.
You visited 1 branch of the dungeon, and saw 4 of its levels.

You collected 113 gold pieces.

Inventory:

Hand Weapons
 a - a +0 shortbow (weapon)
 d - a +0 dagger
Armour
 c - a +0 leather armour (melded)
 f - a +0 pair of boots
 o - a +0 pair of boots (melded)
Jewellery
 n - a ring of flight (left branch)
Wands
 q - a wand of acid (2)
 s - a wand of flame (24)
Scrolls
 b - a scroll of immolation
 e - 3 scrolls of poison {unknown}
 g - a scroll of identify {unknown}
 i - a scroll of fog {unknown}
 j - a scroll of teleportation {unknown}
 k - a scroll of magic mapping {unknown}
 p - a scroll of enchant weapon {unknown}
 r - a scroll of blinking {unknown}
Potions
 h - a potion of lignification
 l - a potion of attraction {unknown}
 m - a potion of might {unknown}


   Skills:
 - Level 3.0 Fighting
 * Level 5.2 Ranged Weapons
 - Level 1.7 Dodging
 - Level 0.8 Stealth


You had 3 spell levels left.
You didn't know any spells.
Your spell library contained the following spells:

 Spells                   Type           Power      Damage    Failure   Level
 Sandblast                Erth           0%         2d4       34%         1
 Passwall                 Tmut/Erth      0%         N/A       47%         2
 Stone Arrow              Conj/Erth      0%         3d7       71%         3


Dungeon Overview and Level Annotations

Branches:
Dungeon (4/15)
 Temple: D:4-7


Innate Abilities, Weirdness & Mutations

You are a tree.
Your roots penetrate the ground, keeping you stationary.
You cannot be teleported.
You are immune to unholy pain and torment.
Your maximum health is greatly increased.
Your equipment is partially melded.
You have an increased reservoir of magic. (+10% MP)
You shall have no god before yourself.
Your divine heritage dramatically boosts your attributes as you level up.


Message History

a +0 whip; an orc corpse You start resting.
HP restored.
There is a stone staircase leading down, spattered with blood here.
There is a huge open gate here.
There is a huge open gate here.
There is a huge open gate here.
There is a huge open gate here.
There is a stone staircase leading up here.
There is a stone staircase leading down here.
You fly downwards.
There is a stone staircase leading up here.
You fly upwards.
There is a stone staircase leading down here.
There is an escape hatch in the floor here.
You fly downwards.
The hatch slams shut behind you.
Found 2 stones.
Fire: a) +0 shortbow
Press: ? - help, Q - select action, (/) - cycle Shift-Dir - straight line, f - wyvern
Aim: a wyvern (asleep, 98% to hit)
Okay, then.
d - a +0 dagger (weapon)
The helpless wyvern fails to defend itself.
You hit the wyvern.
The wyvern is lightly wounded.
The wyvern bites you! The wyvern closely misses you.
a - a +0 shortbow (weapon)
The wyvern bites you!
Fire: a) +0 shortbow
Press: ? - help, Q - select action, (/) - cycle Shift-Dir - straight line, f - wyvern
Aim: a wyvern (lightly wounded, 65% to hit)
You shoot an arrow. The arrow barely misses the wyvern.
The wyvern barely misses you. The quokka closely misses you.
The wyvern bites you!
* * * LOW HITPOINT WARNING * * *
It was a potion of lignification.
You turn into a tree.
Your +0 pair of boots melds into your body.
Your +0 leather armour melds into your body.
Your roots penetrate the ground.
The wyvern bites you!
You die...

#.... ##...#
#....# #....#
#....# #..w.#
#(.#..r.##
#....♣..#
#....l.......
....######.....
... .... . ...
.. .


You could see a wyvern, a dart slug and a quokka.

Vanquished Creatures
  5 adders
  A dart slug (D:1)
  5 orcs (D:3)
  4 bats
  8 endoplasms
  12 giant cockroaches
  3 hobgoblins (D:2)
  10 jackals
  4 quokkas
  3 ball pythons (D:3)
  2 frilled lizards
  2 goblins
  4 kobolds
  9 rats
72 creatures vanquished.

Notes
Turn   | Place    | Note
-------+----------+-------------------------------------------
     0 | D:1      | avis the Demigod Hunter began the quest for the Orb.
     0 | D:1      | Reached XP level 1. HP: 17/17 MP: 3/3
   194 | D:1      | Reached skill level 4 in Ranged Weapons
   194 | D:1      | Reached XP level 2. HP: 24/24 MP: 4/4
   782 | D:2      | Reached XP level 3. HP: 18/30 MP: 5/5
  1429 | D:2      | Reached XP level 4. HP: 38/38 MP: 6/6
  2268 | D:3      | Reached skill level 5 in Ranged Weapons
  2590 | D:4      | Noticed a +0 dagger
  2590 | D:4      | Noticed a +0 hand axe
  2772 | D:4      | Noticed a wyvern
  2777 | D:4      | Slain by a wyvern

Illustrated notes

Levels and vault maps discovered:
D:1:      lightli_arrival_lavapool, layout_basic, reono_crystal_passage
D:2:      minmay_roachtagon, layout_basic, kennysheep_cross_room,
          chequers_serial_rivers_small_b
D:3:      layout_rooms, hellmonk_ecumenical_altar_heavens_door
D:4:      old_forge, layout_cave_pods, dancing_weapons_uskayaw,
          grunt_temple_overflow_open, mainiacjoe_overflow_concentric_impassable,
          nicolae_figureground_sparkle

Skill      XL: |  1  2  3  4 |
---------------+-------------+-----
Fighting       | 2 3 |  3.0
Ranged Weapons | 4 5 |  5.2
Dodging        | |  1.7
Stealth        | |  0.8

Action                     |  1- 3 |  4- 6 || total
---------------------------+-------+-------++-------
  Melee: Dagger            |       |     1 ||     1
   Fire: Shortbow          |   121 |    69 ||   190
    Use: Potion            |       |     1 ||     1
   Stab: Sleeping          |       |     1 ||     1
 Armour: Leather armour    |    13 |     9 ||    22
  Dodge: Dodged            |    59 |    42 ||   101

Table legend: (Time is in decaauts)
 A = Elapsed time spent in this place.
 B = Non-inter-level travel time spent in this place.
 C = Inter-level travel time spent in this place.
 D = Time resting spent in this place.
 E = Time spent auto-exploring this place.
 F = Levels seen in this place.
 G = Mean time per level.
                   A        B        C        D        E       F      G
               +--------+--------+--------+--------+--------+-----+--------+
         Total |   2837 |   2375 |    462 |    627 |   1168 |   4 |  709.2 |
       Dungeon |   2837 |   2375 |    462 |    627 |   1168 |   4 |  709.2 |
               +--------+--------+--------+--------+--------+-----+--------+

Top non-repeatable levels by time:
     D:2: 1335 daAuts
     D:1: 761 daAuts
     D:3: 723 daAuts
     D:4: 17 daAuts
